 Dungeon Crawl Stone Soup version 0.27-a0-34-gc18c9092ac (webtiles) character file.

Game seed: 6509161162990739230

13972 akrivosticles the Cleaver (level 11, -3/106 HPs)
             Began as a Deep Dwarf Fighter on Jan 4, 2021.
             Was a Follower of Makhleb.
             Slain by a seven-headed hydra (4 damage)
             ... while petrified by a basilisk
             ... on level 4 of the Lair of Beasts.
             The game lasted 00:20:45 (8816 turns).

akrivosticles the Cleaver (Deep Dwarf Fighter)      Turns: 8816, Time: 00:20:48

Health: -3/106     AC: 18    Str: 24    XL:     11   Next: 82%
Magic:  6/6        EV:  2    Int:  8    God:    Makhleb [*.....]
Gold:   649        SH:  0    Dex: 12    Spells: 10/10 levels left

rFire    . . .     SeeInvis +   P - +8 whip "Snakebite" {curare, rPois}
rCold    . . .     Faith    .   c - +0 kite shield
rNeg     + + +     Spirit   .   y - +0 plate armour
rPois    ∞         Reflect  +   B - +0 helmet
rElec    .         Harm     .   A - +0 cloak
rCorr    .         Rampage  .   (no gloves)
Will     +....                  (no boots)
Stlth    ..........             H - amulet of reflection
HPRegen  0.00/turn              w - ring of see invisible
MPRegen  0.10/turn              F - +4 ring of evasion

@: petrified, non-regenerating
A: damage resistance, heal wounds, sense surroundings 2, no regeneration
a: Heal Wounds, Renounce Religion


You were on level 4 of the Lair of Beasts.
You worshipped Makhleb.
Makhleb was aware of your devotion.
You visited 3 branches of the dungeon, and saw 13 of its levels.

You collected 649 gold pieces.

Inventory:

Hand Weapons
 m - a +1 hand axe of electrocution
 I - a +5 war axe
 P - the +8 whip "Snakebite" (weapon) {curare, rPois}
   (You found it on level 1 of the Lair of Beasts)

   It poisons the flesh of those it strikes.
   It protects you from poison.
Armour
 c - a +0 kite shield (worn)
 s - a scarf of resistance
 y - a +0 plate armour (worn)
 A - a +0 cloak (worn)
 B - a +0 helmet (worn)
Jewellery
 k - an uncursed amulet of magic regeneration
 w - a ring of see invisible (left hand)
 C - an uncursed ring of resist corrosion
 F - a +4 ring of evasion (right hand)
 H - an amulet of reflection (around neck)
Wands
 q - a wand of iceblast (6)
 G - a wand of enslavement (12)
 M - a wand of digging (3)
Scrolls
 e - a scroll of noise {unknown}
 f - 4 scrolls of remove curse
 i - 4 scrolls of magic mapping
 j - 6 scrolls of teleportation
 p - a scroll of silence {unknown}
 r - a scroll of amnesia
 t - a scroll of enchant weapon
 u - a scroll of fog
 z - a scroll of enchant armour {unknown}
 D - 2 scrolls of blinking {unknown}
 E - a scroll of holy word
 K - 2 scrolls of immolation {unknown}
 Q - 3 scrolls of vulnerability {unknown}
Potions
 a - a potion of flight
 b - 2 potions of invisibility
 d - 2 potions of might
 g - a potion of ambrosia
 h - a potion of haste {unknown}
 l - 4 potions of curing
 n - 2 potions of brilliance
 o - 4 potions of heal wounds
 v - 3 potions of attraction
 x - 2 potions of resistance {unknown}
 J - a potion of berserk rage {unknown}
 L - a potion of mutation
Miscellaneous
 O - a phantom mirror


   Skills:
 + Level 9.6 Fighting
 - Level 14.0 Axes
 + Level 11.3 Armour
 + Level 3.2 Shields


You had 10 spell levels left.
You didn't know any spells.
Your spell library contained the following spells:

 Spells                   Type           Power        Failure   Level
 Corona                   Hex            0%           100%        1
 Foxfire                  Conj/Fire      0%           100%        1
 Magic Dart               Conj           0%           100%        1
 Summon Small Mammal      Summ           0%           100%        1
 Blink                    Tloc           N/A          100%        2
 Call Imp                 Summ           0%           100%        2
 Ensorcelled Hibernation  Hex/Ice        0%           100%        2
 Slow                     Hex            0%           100%        2
 Call Canine Familiar     Summ           0%           100%        3
 Confusing Touch          Hex            0%           100%        3
 Conjure Flame            Conj/Fire      0%           100%        3
 Dazzling Flash           Conj/Hex       0%           100%        3
 Inner Flame              Hex/Fire       0%           100%        3
 Mephitic Cloud           Conj/Pois/Air  0%           100%        3
 Summon Guardian Golem    Hex/Summ       0%           100%        3
 Tukima's Dance           Hex            0%           100%        3
 Sticky Flame             Conj/Fire      0%           100%        4
 Summon Ice Beast         Ice/Summ       0%           100%        4
 Summon Lightning Spire   Summ/Air       0%           100%        4
 Fireball                 Conj/Fire      0%           100%        5


Dungeon Overview and Level Annotations

Branches:
Dungeon (8/15)             Temple (1/1) D:7            Lair (4/6) D:8
  Snake (0/4) Lair:3
  Swamp: Lair:2-4    Shoals: Lair:2-4

Altars:
Ashenzari
Cheibriados
Dithmenos
Elyvilon
Fedhas
Hepliaklqana
Kikubaaqudgha
Makhleb
Nemelex Xobeh
Okawaru
Ru
Sif Muna
Trog
Uskayaw
Vehumet
Wu Jian
Xom
Yredelemnul
Zin
The Shining One

Shops:
D:5 (

Annotations:
D:6 2 transporters
Lair:1 2 transporters, akrivosticles's ghost, journeyman MiFi
Lair:3 exclusion: 2 oklob plants


Innate Abilities, Weirdness & Mutations

You are resistant to damage.
You can heal yourself by infusing magical energy.
You passively map the area around you.
You do not regenerate.


Message History

The seven-headed hydra bites you but does no damage. x4
The seven-headed hydra bites you!
* * * LOW HITPOINT WARNING * * *
The seven-headed hydra bites you.
The seven-headed hydra barely misses you.
The seven-headed hydra bites you but does no damage. x2
The seven-headed hydra bites you.
The seven-headed hydra bites you but does no damage. x2
The seven-headed hydra bites you!
* * * LOW HITPOINT WARNING * * *
The seven-headed hydra bites you but does no damage.
The komodo dragon bites you!!
* * * LOW HITPOINT WARNING * * *
The seven-headed hydra bites you but does no damage. x3
The seven-headed hydra bites you!
* * * LOW HITPOINT WARNING * * *
The seven-headed hydra bites you.
* * * LOW HITPOINT WARNING * * *
The seven-headed hydra bites you!
You die...

* ##<....♣ , ,,, , * *
#......♣♣ , , , * ,
##......♣♣, ** , , ,,
###.......♣ , .., *
#P.......#♣ ... * , * *
#.......## ..... ,
#.#......###########.....
,#P.P.P....D#.#.#........,
*, .........@Dl..........#
* , ....P...lw...........#
, ....#.##....P##......##
,, ,....P.
###..###.......## ,......
* #####.........# *
,,....P# #..........## ,
,... ##...P..).... , * ,,,
#........... , ,
##..........


You could see 2 seven-headed hydras, a tyrant leech, a komodo dragon and a
basilisk.

Vanquished Creatures
  5 death yaks
  2 black mambas
  The ghost of
  1994 the Chopper, a novice DsGl (D:5)
  3 cane toads
  3 komodo dragons
  12 yaks
  3 wyverns
  A wraith (D:7)
  3 nagas (Lair:3)
  Edmund (D:4)
  A basilisk (Lair:3)
  7 water moccasins (Lair:1)
  3 orc warriors
  A sky beast (D:5)
  3 black bears
  An ice beast (D:6)
  2 ogres
  7 centaurs
  13 bullfrogs
  A scorpion (D:8)
  5 killer bees (D:8)
  11 wights
  6 howler monkeys
  2 crimson imps
  2 quasits
  4 hounds
  2 centaur zombies
  A bullfrog skeleton (D:7)
  2 orc priests
  A centaur skeleton (D:5)
  3 jellies (D:8)
  9 orc wizards
  2 iguanas
  6 worker ants
  A hound zombie (D:5)
  A hound skeleton (D:4)
  A worker ant zombie (D:5)
  10 adders
  2 shadow imps
  4 white imps
  An ufetubus (D:6)
  An ooze (D:5)
  3 adder skeletons
  An adder zombie (D:5)
  A worm (D:4)
  3 dart slugs
  4 leopard geckos
  19 orcs
  6 ball pythons
  5 giant cockroaches
  8 goblins
  9 hobgoblins
  8 jackals
  3 quokkas
  2 bats (D:1)
  4 frilled lizards
  A goblin skeleton (D:6)
  3 hobgoblin zombies (D:6)
  8 kobolds
  A leopard gecko zombie (D:5)
  3 orc skeletons (D:6)
  An orc zombie (D:6)
  5 rats
248 creatures vanquished.

Vanquished Creatures (others)
  19 fungi
  30 plants
49 creatures vanquished.

Grand Total: 297 creatures vanquished

Notes
Turn   | Place    | Note
-------+----------+-------------------------------------------
     0 | D:1      | akrivosticles the Deep Dwarf Fighter began the quest for
                  | the Orb.
     0 | D:1      | Reached XP level 1. HP: 20/20 MP: 1/1
   229 | D:1      | Reached skill level 3 in Axes
   229 | D:1      | Reached XP level 2. HP: 25/27 MP: 2/2
   741 | D:2      | Found a shadowy altar of Dithmenos.
   751 | D:2      | Reached XP level 3. HP: 26/33 MP: 3/3
   760 | D:2      | Reached skill level 4 in Axes
   886 | D:2      | Found a broken altar of Ashenzari.
   891 | D:2      | Reached XP level 4. HP: 30/40 MP: 4/4
   919 | D:2      | Reached skill level 5 in Axes
  1044 | D:2      | Found a sparkling altar of Nemelex Xobeh.
  1590 | D:3      | Reached XP level 5. HP: 29/46 MP: 5/5
  2032 | D:4      | Reached skill level 6 in Axes
  2180 | D:4      | Noticed Edmund
  2191 | D:4      | Killed Edmund
  2192 | D:4      | Reached skill level 7 in Axes
  2192 | D:4      | Reached XP level 6. HP: 47/55 MP: 6/6
  2665 | D:4      | Reached skill level 8 in Axes
  2795 | D:5      | Entered Level 5 of the Dungeon
  2799 | D:5      | Noticed a sky beast
  2805 | D:5      | Reached XP level 7. HP: 36/61 MP: 7/7
  2818 | D:5      | Reached skill level 9 in Axes
  2834 | D:5      | Found a glowing golden altar of the Shining One.
  2880 | D:5      | Found a transporter.
  2881 | D:5      | Noticed 1994's ghost (novice DsGl)
  2923 | D:5      | Killed 1994's ghost
  2924 | D:5      | Reached skill level 10 in Axes
  2924 | D:5      | Reached XP level 8. HP: 54/68 MP: 7/7
  2928 | D:5      | Found a transporter.
  2966 | D:5      | Found Yfexeh's Weapon Shop.
  3633 | D:6      | Reached skill level 11 in Axes
  3634 | D:6      | Found a transporter.
  3639 | D:6      | Noticed a red ugly thing
  3640 | D:6      | Noticed a deep elf mage
  3644 | D:6      | Found a hide-covered altar of Uskayaw.
  3663 | D:6      | Found a transporter.
  3702 | D:6      | Found a glowing golden altar of the Shining One.
  3955 | D:6      | Reached skill level 12 in Axes
  4000 | D:6      | Found an iron altar of Okawaru.
  4284 | D:7      | Gained mutation: You passively map the area around you.
                  | [Deep Dwarf growth]
  4284 | D:7      | Reached XP level 9. HP: 42/74 MP: 8/8
  4357 | D:7      | Reached skill level 13 in Axes
  4422 | D:7      | Found a staircase to the Ecumenical Temple.
  4435 | Temple   | Entered the Ecumenical Temple
  4756 | D:7      | Found a snail-covered altar of Cheibriados.
  4776 | D:7      | Found a shimmering altar of Xom.
  5184 | D:8      | Reached skill level 5 in Armour
  5333 | D:8      | Reached XP level 10. HP: 60/87 MP: 9/9
  5335 | D:8      | Found a staircase to the Lair.
  5373 | D:8      | Reached skill level 5 in Fighting
  5380 | D:8      | Reached skill level 14 in Axes
  5438 | D:8      | Found a sparkling altar of Nemelex Xobeh.
  5480 | D:8      | Noticed a death yak
  5493 | D:8      | Killed a death yak
  5634 | D:8      | Found a burning altar of Makhleb.
  5641 | D:8      | Became a worshipper of Makhleb the Destroyer
  5735 | Lair:1   | Entered Level 1 of the Lair of Beasts
  5937 | Lair:1   | Found a transporter.
  5940 | Lair:1   | Found a transporter.
  5945 | Lair:1   | Noticed akrivosticles's ghost (journeyman MiFi)
  6029 | Lair:1   | Noticed a catoblepas
  6371 | Lair:1   | Noticed a black mamba
  6383 | Lair:1   | Killed a black mamba
  6466 | Lair:1   | Noticed a cane toad
  6481 | Lair:1   | Killed a cane toad
  6617 | Lair:1   | Found the +8 whip "Snakebite" {curare, rPois}
  6926 | Lair:2   | Noticed a cane toad
  6935 | Lair:2   | Killed a cane toad
  7390 | Lair:2   | Reached XP level 11. HP: 84/100 MP: 8/8
  7608 | Lair:3   | Noticed a death yak
  7608 | Lair:3   | Noticed a death yak
  7608 | Lair:3   | Noticed a death yak
  7640 | Lair:2   | Killed a death yak
  7659 | Lair:3   | Killed a death yak
  7661 | Lair:3   | Killed a death yak
  7674 | Lair:3   | Noticed a death yak
  7701 | Lair:2   | Killed a death yak
  7702 | Lair:2   | Reached skill level 10 in Armour
  8094 | Lair:3   | Found a staircase to the Snake Pit.
  8143 | Lair:3   | Reached * piety under Makhleb
  8367 | Lair:3   | Noticed an oklob plant
  8578 | Lair:3   | Noticed an oklob plant
  8785 | Lair:4   | Noticed a seven-headed hydra
  8786 | Lair:4   | Noticed a seven-headed hydra
  8816 | Lair:4   | HP: 2/106 [seven-headed hydra (4)]
  8816 | Lair:4   | Slain by a seven-headed hydra

Illustrated notes

Levels and vault maps discovered:
D:1:      dpeg_arrival_oval, layout_basic, minmay_shallow_snake_nest
D:2:      layout_basic, lemuel_doored_altar,
          nicolae_dithmenos_through_a_glass_darkly, nemelex_lonely_heart_becter
D:3:      layout_basic
D:4:      layout_loops_corners, uniq_edmund
D:5:      layout_loops_corners, nicolae_overflow_crystal_walls, serial_shops,
          shop, gammafunk_ghost_mausoleum
D:6:      layout_rooms, gammafunk_temple_overflow_arena,
          lemuel_coloured_pillars_altar, nicolae_tso_besieged_by_evil
D:7:      layout_loops_cross, overflow_temple_1_default, kennysheep_mini,
          minmay_temple_entry_slanted
D:8:      layout_cave_pools, makhleb_grotto_becter, old_standard_altar,
          david_lair_generic
Temple:   minmay_temple_curvy_loop
Lair:1:   minmay_guarded_unrand_snakebite, layout_layer_cave, nzn_ghost_randoct
Lair:2:   layout_cave_pods, lemuel_fruit_tree
Lair:3:   layout_chaotic_city, guppyfry_snake_entry_garden,
          beast_lair_carwin_11, infiniplex_staircase_pool,
          minmay_lair_oklob_chamber
Lair:4:   layout_layer_cave, minmay_swamp_entry_worms, serial_forest,
          infiniplex_forest_lined_3, infiniplex_forest_end_2,
          infiniplex_forest_fountain, infiniplex_forest_end_2,
          infiniplex_forest_end_double, infiniplex_forest_lined_corner,
          infiniplex_forest_lined_room_3, lemuel_fruit_fields, uniq_urug

Skill      XL: |  1  2  3  4  5  6  7  8  9 10 11 |
---------------+----------------------------------+-----
Axes           | 3 4 5 7 8 10 12 13 14 | 14.0
Fighting       | 4 7 9 |  9.6
Armour         | 5 9 11 | 11.3
Shields        | |  3.2

Action                   |  1- 3 |  4- 6 |  7- 9 | 10-12 || total
-------------------------+-------+-------+-------+-------++-------
Melee: War axe           |    83 |       |    52 |   139 ||   274
       Hand axe          |    19 |   121 |   256 |       ||   396
       Whip              |       |       |       |   194 ||   194
 Abil: Heal Wounds       |       |     1 |    10 |    18 ||    29
  Use: Scroll            |       |     1 |     8 |     8 ||    17
       Potion            |       |       |       |     1 ||     1
Armor: Scale mail        |    43 |    11 |       |       ||    54
       Plate armour      |       |    22 |    44 |    71 ||   137
       Leather armour    |       |       |    32 |    25 ||    57
Dodge: Dodged            |    34 |    24 |    64 |    88 ||   210
Block: Kite shield       |    63 |    49 |   144 |   216 ||   472
       Reflection        |       |       |     5 |     7 ||    12

Table legend: (Time is in decaauts)
 A = Elapsed time spent in this place.
 B = Non-inter-level travel time spent in this place.
 C = Inter-level travel time spent in this place.
 D = Time resting spent in this place.
 E = Time spent auto-exploring this place.
 F = Levels seen in this place.
 G = Mean time per level.
                   A        B        C        D        E       F      G
               +--------+--------+--------+--------+--------+-----+--------+
         Total |   8741 |   8407 |    334 |    137 |   6502 |  13 |  672.4 |
       Dungeon |   5501 |   5277 |    224 |     37 |   4021 |   8 |  687.6 |
        Temple |    214 |    191 |     23 |      0 |    190 |   1 |  214.0 |
          Lair |   3025 |   2938 |     87 |    100 |   2291 |   4 |  756.2 |
               +--------+--------+--------+--------+--------+-----+--------+

Top non-repeatable levels by time:
  Lair:1: 1134 daAuts
  Lair:3: 969 daAuts
     D:4: 821 daAuts
     D:5: 805 daAuts
     D:7: 797 daAuts
  Lair:2: 777 daAuts
     D:1: 767 daAuts
     D:3: 689 daAuts
     D:2: 561 daAuts
     D:8: 560 daAuts
     D:6: 499 daAuts
  Temple: 214 daAuts
  Lair:4: 143 daAuts
